 Dungeon Crawl Stone Soup version 0.29.0-4-gdea44cf6ec (webtiles) character file.

Game seed: 17161100529404461103

4225 qw the Cleaver (level 10, -1/88 HPs)
             Began as a Minotaur Berserker on Sept 8, 2022.
             Was a Believer of Trog.
             Slain by an eight-headed hydra (7 damage)
             ... on level 8 of the Dungeon.
             The game lasted 00:02:15 (6820 turns).

qw the Cleaver (Minotaur Berserker)                 Turns: 6820, Time: 00:02:15

Health: -1/88      AC: 24    Str: 30    XL:     10   Next: 9%
Magic:  9/9        EV: 12    Int:  3    God:    Trog [**....]
Gold:   366        SH:  0    Dex:  9    Spells: 9/9 levels left

rFire   . . .      SeeInvis .   c - +3 flail
rCold   . . .      Faith    .   (no shield)
rNeg    . . .      Spirit   .   o - +2 plate armour
rPois   .          Reflect  .   (helmet restricted)
rElec   .          Harm     .   (no cloak)
rCorr   .          Rampage  .   k - +2 pair of gloves
Will    .....                   (no boots)
Stlth   ..........              (no amulet)
HPRegen 0.24/turn               e - +4 ring of evasion
MPRegen 0.11/turn               b - +4 ring of protection

@: about to teleport, on berserk cooldown, slowed, very slow
A: horns 2, retaliatory headbutt, iridescent scales 1, strong 1
a: Renounce Religion, Berserk, Trog's Hand


You were on level 8 of the Dungeon.
You worshipped Trog.
Trog was pleased with you.
You visited 1 branch of the dungeon, and saw 8 of its levels.

You collected 366 gold pieces.


Innate Abilities, Weirdness & Mutations

You have a pair of horns on your head.
You reflexively headbutt those who attack you in melee.
You are partially covered in iridescent scales. (AC +2)
Your muscles are strong. (Str +4, Int/Dex -1)


   Skills:
 - Level 8.1 Fighting
 + Level 14.5 Axes
 - Level 1.4 Throwing
 - Level 7.1 Armour
 - Level 2.1 Dodging


You had 9 spell levels left.
You didn't know any spells.
Your spell library was empty.

Inventory:

Hand Weapons
 c - a +3 flail (weapon)
 s - a +0 war axe
Missiles
 i - a boomerang (quivered)
Armour
 k - a +2 pair of gloves (worn)
 o - a +2 plate armour (worn)
Jewellery
 b - a +4 ring of protection (right hand)
 e - a +4 ring of evasion (left hand)
 h - a ring of protection from fire
Scrolls
 r - 2 scrolls of identify
Potions
 f - 3 potions of heal wounds
 g - a potion of cancellation {unknown}
 j - a potion of haste {unknown}
 l - 4 potions of curing
 m - a potion of mutation
 n - a potion of invisibility {unknown}

Dungeon Overview and Level Annotations

Branches:
Dungeon (8/15)             Temple (0/1) D:7
   Lair: D:8-11

Altars:
Kikubaaqudgha
Nemelex Xobeh
Qazlal
Wu Jian
Yredelemnul


Message History

You throw a boomerang. The boomerang hits the kobold brigand!
The kobold brigand is heavily wounded.
You hear a shout!
An orc comes into view. It is wielding a +0 falchion.
The kobold brigand throws a poisoned dart.
The poisoned dart closely misses you.
You closely miss the kobold brigand. You headbutt the kobold brigand.
You punch the kobold brigand, but do no damage.
The kobold brigand is heavily wounded.
The kobold brigand hits you but does no damage.
You hit the kobold brigand.
The kobold brigand is severely wounded.
An eight-headed hydra comes into view.
The kobold brigand hits you but does no damage.
6818 ||| SWAPPING to +3 flail.
c - a +3 flail (weapon)
The eight-headed hydra roars!
The kobold brigand hits you but does no damage.
The orc hits you but does no damage.
You thump the kobold brigand!
You kill the kobold brigand!
Trog accepts your kill. The orc closely misses you. x2
The eight-headed hydra barely misses you.
The eight-headed hydra bites you but does no damage.
The eight-headed hydra bites you!
The eight-headed hydra bites you but does no damage. x2
The eight-headed hydra closely misses you.
The eight-headed hydra barely misses you.
The eight-headed hydra bites you.
6820 ||| READING scroll of teleportation.
As you read the scroll of teleportation, it crumbles to dust.
You feel strangely unstable.
The eight-headed hydra closely misses you.
The eight-headed hydra bites you but does no damage.
The eight-headed hydra bites you.
The eight-headed hydra barely misses you.
The eight-headed hydra bites you but does no damage. x2
The eight-headed hydra bites you!
You die...

#........#...#
#..... .....#
#..<. #...##
#.)## #....### #
# #..# #.<.....
#.. #.
##.####.##...#
!...#.# #......#
#..
#..)#####....###
. #o@...[).###
#.!D#####..#
[...#.# #.....#
#.. #. #J.....#
# # ........#
.........#
.........#
.........#
...........


You could see an eight-headed hydra and an orc.

Vanquished Creatures
  A deep elf pyromancer (D:8)
  Maggie (D:7)
  A hornet (D:7)
  A slime creature (D:8)
  Grinder (D:4)
  A wyvern (D:8)
  2 steam dragons (D:8)
  2 acid dragons (D:8)
  2 water moccasins
  A black bear (D:7)
  4 ice beasts
  A sky beast (D:6)
  2 ogres
  3 centaurs
  2 phantoms
  3 bullfrogs
  A kobold brigand (D:8)
  3 scorpions (D:5)
  A wight (D:8)
  A howler monkey (D:8)
  A gnoll bouda (D:6)
  5 orc priests
  2 hounds (D:5)
  2 iguanas
  2 orc wizards
  4 adders
  7 gnolls (D:6)
  6 white imps
  3 ufetubi
  2 worms (D:6)
  A dart slug (D:2)
  13 orcs
  5 ball pythons
  4 endoplasms
  2 giant cockroaches
  7 goblins
  7 hobgoblins
  2 jackals (D:4)
  7 kobolds
  6 quokkas
  5 bats
  A frilled lizard (D:2)
  A rat (D:1)
129 creatures vanquished.

Notes
Turn   | Place    | Note
-------+----------+-------------------------------------------
     0 | D:1      | qw the Minotaur Berserker began the quest for the Orb.
     0 | D:1      | Reached XP level 1. HP: 19/19 MP: 0/0
     0 | D:1      | 0 ||| qw: Version: 0.1-a-111-g1c1fd2e
     0 | D:1      | 0 ||| qw: Game counter: 6633
     0 | D:1      | 0 ||| qw: Always use a shield: true
     0 | D:1      | 0 ||| qw: Do Orc after D:15 true
     0 | D:1      | 0 ||| qw: Do second Lair branch before Depths: true
     0 | D:1      | 0 ||| qw: Lair rune preference: random
     0 | D:1      | 0 ||| qw: Plans: Normal
     0 | D:1      | 0 ||| PLANNING D:1-11
    86 | D:1      | Reached skill level 4 in Axes
   201 | D:1      | 201 ||| DROPPING +0 club.
   261 | D:1      | 261 ||| Stepping ~*~*~tactically~*~*~ (stealth).
   264 | D:1      | Reached XP level 2. HP: 26/26 MP: 1/1
   266 | D:1      | 266 ||| Stepping ~*~*~tactically~*~*~ (stealth).
   289 | D:1      | 289 ||| Stepping ~*~*~tactically~*~*~ (stealth).
   291 | D:1      | 291 ||| Stepping ~*~*~tactically~*~*~ (stealth).
   685 | D:1      | Reached skill level 5 in Axes
   805 | D:1      | Reached ** piety under Trog
   806 | D:1      | Reached XP level 3. HP: 29/31 MP: 2/2
   903 | D:1      | 903 ||| UPGRADING to +0 scale mail.
   913 | D:1      | 913 ||| DROPPING +0 animal skin.
   914 | D:1      | 914 ||| UPGRADING to +2 pair of gloves.
   919 | D:1      | 919 ||| UPGRADING to +0 plate armour.
   929 | D:1      | 929 ||| DROPPING +0 scale mail.
   930 | D:1      | 930 ||| UPGRADING to +4 ring of evasion.
   931 | D:1      | 931 ||| READING scroll labelled HUNUBL SOSAMEBEF.
   932 | D:1      | 932 ||| READING scroll labelled ZESCHE YXIRO.
   933 | D:1      | 933 ||| READING scroll labelled MEAKAKUMUS.
   934 | D:1      | 934 ||| READING scroll labelled WOISTO RENARRE.
  1035 | D:1      | 1035 ||| READING scroll labelled DUBAGEOZXUU.
  1036 | D:1      | 1036 ||| DRINKING 2 inky potions.
  1126 | D:2      | 1126 ||| DROPPING +0 whip.
  1817 | D:2      | 1817 ||| UPGRADING to +4 ring of protection.
  1818 | D:2      | 1818 ||| DROPPING ring of flight.
  1819 | D:2      | 1819 ||| READING scroll labelled SYITEA XENE.
  1820 | D:2      | 1820 ||| READING scroll labelled RURABB YHUANO.
  1821 | D:2      | 1821 ||| DRINKING 2 red potions.
  1822 | D:2      | 1822 ||| DROPPING potion of degeneration.
  1855 | D:3      | Noticed a water moccasin
  1865 | D:3      | 1865 ||| INVOKING Berserk.
  1865 | D:3      | Killed a water moccasin
  1866 | D:3      | Reached skill level 7 in Axes
  1866 | D:3      | Reached XP level 4. HP: 23/39 MP: 3/3
  1866 | D:3      | Reached XP level 5. HP: 26/45 MP: 4/4
  2146 | D:3      | 2146 ||| Stepping ~*~*~tactically~*~*~ (hiding).
  2151 | D:3      | 2151 ||| INVOKING Berserk.
  2154 | D:3      | Reached skill level 3 in Armour
  2192 | D:3      | 2192 ||| FLEEEEING.
  2193 | D:3      | 2193 ||| FLEEEEING.
  2194 | D:3      | 2194 ||| FLEEEEING.
  2196 | D:3      | 2196 ||| FLEEEEING.
  2197 | D:3      | 2197 ||| FLEEEEING.
  2198 | D:3      | 2198 ||| FLEEEEING.
  2199 | D:3      | 2199 ||| FLEEEEING.
  2200 | D:3      | 2200 ||| FLEEEEING.
  2201 | D:3      | 2201 ||| FLEEEEING.
  2203 | D:3      | 2203 ||| FLEEEEING.
  2206 | D:3      | 2206 ||| INVOKING Berserk.
  2432 | D:3      | Found a faded altar of an unknown god.
  2759 | D:3      | Found a basalt altar of Yredelemnul.
  2759 | D:3      | Found a faded altar of an unknown god.
  2766 | D:3      | Found an ornate altar of the Wu Jian Council.
  2770 | D:3      | Found a sparkling altar of Nemelex Xobeh.
  2772 | D:3      | Found a stormy altar of Qazlal.
  2866 | D:3      | 2866 ||| READING scroll labelled ZOPNOSULIG.
  2871 | D:3      | 2871 ||| READING scroll labelled JEILOU NIOVIKUSU.
  2872 | D:3      | 2872 ||| READING scroll labelled RYOQOO MOCOKU.
  2873 | D:3      | 2873 ||| DRINKING 3 metallic cyan potions.
  2946 | D:4      | 2946 ||| Stepping ~*~*~tactically~*~*~ (stealth).
  2948 | D:4      | Reached XP level 6. HP: 52/52 MP: 5/5
  2976 | D:4      | 2976 ||| READING scroll of enchant armour.
  2976 | D:4      | 2976 ||| ENCHANTING +0 plate armour.
  2987 | D:4      | Noticed Grinder
  2988 | D:4      | 2988 ||| Stepping ~*~*~tactically~*~*~ (hiding).
  2994 | D:4      | 2994 ||| INVOKING Trog's Hand.
  2995 | D:4      | 2995 ||| INVOKING Berserk.
  3000 | D:4      | Killed Grinder
  3001 | D:4      | Reached skill level 8 in Axes
  3013 | D:4      | 3013 ||| Stepping ~*~*~tactically~*~*~ (stealth).
  3602 | D:5      | Entered Level 5 of the Dungeon
  3618 | D:5      | Reached skill level 9 in Axes
  3618 | D:5      | Reached XP level 7. HP: 59/59 MP: 6/6
  3813 | D:5      | 3813 ||| Stepping ~*~*~tactically~*~*~ (hiding).
  4057 | D:5      | 4057 ||| Stepping ~*~*~tactically~*~*~ (hiding).
  4061 | D:5      | 4061 ||| INVOKING Berserk.
  4128 | D:5      | Reached skill level 10 in Axes
  4155 | D:5      | Reached skill level 1 in Throwing
  4292 | D:5      | 4292 ||| Stepping ~*~*~tactically~*~*~ (hiding).
  4544 | D:5      | 4544 ||| INVOKING Berserk.
  4547 | D:5      | Reached skill level 6 in Fighting
  4547 | D:5      | Reached XP level 8. HP: 70/70 MP: 7/7
  4615 | D:5      | 4615 ||| READING scroll labelled CETWICZ ZUOK.
  4616 | D:5      | 4616 ||| DRINKING 2 smoky coppery potions.
  4659 | D:5      | 4659 ||| DRINKING 2 orange potions.
  4660 | D:5      | 4660 ||| DROPPING potion of lignification.
  4661 | D:5      | 4661 ||| DROPPING potion of brilliance.
  4672 | D:6      | 4672 ||| PLANNING SEWER
  4683 | D:6      | Found an ancient bone altar of Kikubaaqudgha.
  4804 | D:6      | 4804 ||| Stepping ~*~*~tactically~*~*~ (hiding).
  4805 | D:6      | 4805 ||| Stepping ~*~*~tactically~*~*~ (hiding).
  4844 | D:6      | 4844 ||| INVOKING Berserk.
  4846 | D:6      | Reached skill level 11 in Axes
  5114 | D:6      | 5114 ||| INVOKING Berserk.
  5266 | D:6      | 5266 ||| Stepping ~*~*~tactically~*~*~ (stealth).
  5324 | D:6      | 5324 ||| RIP SEWER
  5418 | D:6      | 5418 ||| PLANNING D:1-11
  5553 | D:6      | 5553 ||| READING scroll of enchant armour.
  5553 | D:6      | 5553 ||| ENCHANTING +1 plate armour.
  5555 | D:6      | 5555 ||| DROPPING ring of resist corrosion.
  5556 | D:6      | 5556 ||| DRINKING 2 metallic amethyst potions.
  5556 | D:6      | Gained mutation: You are partially covered in iridescent
                  | scales. (AC +2) [potion of mutation]
  5556 | D:6      | Gained mutation: Your muscles are strong. (Str +4, Int/Dex
                  | -1) [potion of mutation]
  5557 | D:6      | 5557 ||| READING 2 scrolls of teleportation.
  5633 | D:6      | 5633 ||| Stepping ~*~*~tactically~*~*~ (stealth).
  5647 | D:6      | 5647 ||| READING scroll of teleportation.
  5787 | D:7      | Reached skill level 12 in Axes
  6002 | D:7      | Found a staircase to the Ecumenical Temple.
  6036 | D:7      | 6036 ||| Stepping ~*~*~tactically~*~*~ (stealth).
  6040 | D:7      | 6040 ||| INVOKING Berserk.
  6044 | D:7      | Reached XP level 9. HP: 78/78 MP: 8/8
  6246 | D:7      | Noticed Maggie
  6247 | D:7      | 6247 ||| Stepping ~*~*~tactically~*~*~ (hiding).
  6266 | D:7      | Killed Maggie
  6267 | D:7      | Reached skill level 13 in Axes
  6524 | D:7      | 6524 ||| SWAPPING to +0 war axe.
  6525 | D:7      | 6525 ||| DROPPING +1 hand axe.
  6554 | D:7      | 6554 ||| DROPPING orb of guile.
  6555 | D:7      | 6555 ||| DRINKING 2 murky purple potions.
  6556 | D:7      | 6556 ||| READING 2 scrolls of identify.
  6556 | D:7      | 6556 ||| IDENTIFYING murky inky potion
  6557 | D:7      | 6557 ||| DROPPING potion of berserk rage.
  6558 | D:7      | 6558 ||| DROPPING potion of magic.
  6604 | D:8      | 6604 ||| Stepping ~*~*~tactically~*~*~ (hiding).
  6607 | D:8      | 6607 ||| INVOKING Berserk.
  6610 | D:8      | Reached skill level 6 in Armour
  6638 | D:8      | 6638 ||| Stepping ~*~*~tactically~*~*~ (stealth).
  6640 | D:8      | 6640 ||| Stepping ~*~*~tactically~*~*~ (stealth).
  6644 | D:8      | 6644 ||| FLEEEEING.
  6648 | D:8      | 6648 ||| Stepping ~*~*~tactically~*~*~ (hiding).
  6649 | D:8      | 6649 ||| Stepping ~*~*~tactically~*~*~ (hiding).
  6658 | D:8      | 6658 ||| FLEEEEING.
  6702 | D:8      | 6702 ||| Stepping ~*~*~tactically~*~*~ (stealth).
  6733 | D:8      | 6733 ||| Stepping ~*~*~tactically~*~*~ (stealth).
  6739 | D:8      | Noticed a deep elf pyromancer
  6750 | D:8      | 6750 ||| INVOKING Berserk.
  6752 | D:8      | Killed a deep elf pyromancer
  6753 | D:8      | Reached skill level 14 in Axes
  6794 | D:8      | 6794 ||| INVOKING Berserk.
  6797 | D:8      | Reached XP level 10. HP: 77/88 MP: 9/9
  6817 | D:8      | Noticed an eight-headed hydra
  6818 | D:8      | 6818 ||| SWAPPING to +3 flail.
  6819 | D:8      | HP: 17/88 [eight-headed hydra (12)]
  6820 | D:8      | 6820 ||| READING scroll of teleportation.
  6820 | D:8      | HP: 6/88 [eight-headed hydra (5)]
  6820 | D:8      | Slain by an eight-headed hydra

Levels and vault maps discovered:
D:1:      minmay_arrival_widening_spiral_wide, layout_rooms
D:2:      cheibrodos_old_hovel, layout_loops_corners
D:3:      layout_loops_ring, chequers_temple_overflow_minitemple,
          ebering_ecumenical_altar_petrified
D:4:      layout_gridville, uniq_grinder
D:5:      layout_loops_ring, minmay_misc_feat_doors
D:6:      layout_basic, kiku_gazebo_garden_becter, cheibrodos_sewer_entry_bend,
          kennysheep_generic_room_14
D:7:      layout_loops_cross, minmay_temple_entry_offerings, uniq_maggie
D:8:      minmay_the_grid_octo_tiled_octocenter [minmay_the_grid_octo_focus,
          minmay_the_grid_octo_toaster, minmay_the_grid_octo_teeth,
          minmay_the_grid_octo_clover, minmay_the_grid_octo_prize_star,
          minmay_the_grid_square_5x5_gyroscope, minmay_the_grid_square_5x5_mess,
          minmay_the_grid_square_5x5_checkered,
          minmay_the_grid_square_5x5_checkered_sparse], layout_rooms,
          lair_entry_dummy, grunt_decor_junction

Skill      XL: |  1  2  3  4  5  6  7  8  9 10 |
---------------+-------------------------------+-----
Axes           | 4 5 7 9 10 12 14 | 14.5
Armour         | 3 4 5 6 7 |  7.1
Fighting       | 4 6 8 |  8.1
Throwing       | 1 |  1.4
Dodging        | |  2.1

Action                   |  1- 3 |  4- 6 |  7- 9 | 10-12 || total
-------------------------+-------+-------+-------+-------++-------
Melee: Hand axe          |    86 |    63 |   182 |       ||   331
       Headbutt          |    10 |     7 |    40 |     4 ||    61
       Punch             |       |     1 |     3 |     1 ||     5
       War axe           |       |       |    38 |     7 ||    45
       Flail             |       |       |       |     1 ||     1
Throw: Boomerang         |     7 |    14 |    34 |     1 ||    56
Invok: Berserk           |     1 |     3 |     8 |       ||    12
       Trog's Hand       |       |     1 |       |       ||     1
  Use: Scroll            |     7 |     4 |     5 |     1 ||    17
       Potion            |     2 |     1 |     4 |       ||     7
Armor: Animal skin       |     8 |       |       |       ||     8
       Plate armour      |    14 |    25 |   100 |    12 ||   151
Dodge: Dodged            |    39 |    23 |    91 |    13 ||   166

Table legend:
 A = Non-vault XP
 B = Vault XP
 C = Vault XP percentage of total XP
 D = Non-vault monster count
 E = Vault monster count
 F = Vault count percentage of total count
                 A         B        C        D         E       F
            +---------+---------+-------+---------+---------+-------
      Total |    3238 |    2798 |  46.4 |     109 |      20 |  15.5
            +---------+---------+-------+---------+---------+-------
        D:1 |      44 |       0 |   0.0 |      24 |       0 |   0.0
        D:2 |      16 |       1 |   5.9 |       8 |       1 |  11.1
        D:3 |     313 |       0 |   0.0 |      15 |       0 |   0.0
        D:4 |      16 |     258 |  94.2 |       8 |       1 |  11.1
        D:5 |     832 |       0 |   0.0 |      21 |       0 |   0.0
        D:6 |     721 |     244 |  25.3 |      21 |       4 |  16.0
        D:7 |     949 |     359 |  27.4 |       9 |       1 |  10.0
        D:8 |     347 |    1936 |  84.8 |       3 |      13 |  81.2
            +---------+---------+-------+---------+---------+-------
